 Dungeon Crawl Stone Soup version 0.17-a0-1830-g81820eb (webtiles) character file.

1698 luca467 the Basher (level 8, -5/100 HPs)
             Began as a Minotaur Berserker on Sept 13, 2015.
             Was a High Priest of Trog.
             Slain by an orc warrior
             ... wielding a +0 trident
              (13 damage)
             ... on level 6 of the Dungeon.
             The game lasted 00:23:35 (4887 turns).

luca467 the Basher (Minotaur Berserker)             Turns: 4887, Time: 00:23:35

Health: -5/100     AC: 17    Str: 27    XL:     8   Next: 72%
Magic:  7/7        EV:  8    Int:  4    God:    Trog [*****.]
Gold:   384        SH:  0    Dex: 12    Spells: 0 memorised, 7 levels left

rFire  . . .     SeeInvis .     k - +1 mace
rCold  . . .     Clarity  .     w - +1 plate armour
rNeg   . . .     SustAt   .     (no shield)
rPois  .         Gourm    .     (helmet restricted)
rElec  .         Spirit   .     l - +1 cloak
rCorr  .         Warding  .     L - +0 pair of gloves
rMut   .         Stasis   .     i - +0 pair of boots
MR     .....                    (no amulet)
Stlth  ..........               (no ring)
                                (no ring)

@: berserking, very quick, not resistant to hostile enchantments, extremely
unstealthy
A: retaliatory headbutt, horns 2
a: Burn Spellbooks, Berserk, Trog's Hand, Brothers in Arms, Renounce Religion


You were on level 6 of the Dungeon.
You worshipped Trog.
Trog was extremely pleased with you.
You were hungry.

You visited 1 branch of the dungeon, and saw 6 of its levels.

You collected 384 gold pieces.

Inventory:

Hand weapons
 a - a +0 mace
 k - a +1 mace (weapon)
 v - a +0 flail
Armour
 b - a +0 animal skin
 i - a +0 pair of boots (worn)
 l - a +1 cloak (worn)
 u - a +0 scale mail
 w - a +1 plate armour (worn)
 L - a +0 pair of gloves (worn)
 N - the cursed +0 pair of boots "Niamiza" {*Corrode rElec MR+ Regen+}
   (You found it on level 5 of the Dungeon)

   It insulates you from electricity.
   It affects your resistance to hostile enchantments.
   It increases your rate of regeneration.
   It may corrode your equipment when you take damage.
   It has a curse placed upon it.
Jewellery
 s - an uncursed ring of flight
 K - an uncursed ring of ice
Scrolls
 o - a scroll of magic mapping
 r - a scroll of fear
 t - a scroll of teleportation
 D - 2 scrolls of fog
Potions
 d - 2 potions of invisibility {unknown}
 e - a potion of ambrosia {unknown}
 f - a potion of might {unknown}
 g - 4 potions of curing {unknown}
 h - 4 potions of lignification {unknown}
 p - 3 potions of flight {unknown}
 q - 2 potions of agility {unknown}
 x - a potion of degeneration {unknown}
 A - 2 potions of poison {unknown}
 B - a potion of brilliance {unknown}
 F - 3 potions of mutation {unknown}
 G - a potion of heal wounds {unknown}
 J - a potion of cancellation {unknown}
Comestibles
 c - 3 bread rations
 j - 2 chunks of flesh
 n - 2 beef jerkies
 H - 3 fruits


   Skills:
 + Level 4.8 Fighting
 - Level 12.3 Maces & Flails
 + Level 4.0 Armour
 + Level 3.5 Dodging


You had 7 spell levels left.
You didn't know any spells.

Dungeon Overview and Level Annotations

Branches:
Dungeon (6/15)             Temple (0/1) D:5

Altars:
Kikubaaqudgha
Okawaru
Ru
Yredelemnul


Innate Abilities, Weirdness & Mutations

You reflexively headbutt those who attack you in melee.
You have a pair of horns on your head.


Message History

* * * LOW HITPOINT WARNING * * *
You feel a strong urge to attack something.
Things that are here:
a dagger; a robe You sock the orc warrior!
Your headbutt misses the orc warrior.
The orc warrior is moderately wounded.
The orc warrior hits you with a trident!
* * * LOW HITPOINT WARNING * * *
You barely miss the orc warrior.
The orc warrior is moderately wounded.
You hit the orc warrior.
The orc warrior is heavily wounded.
The orc warrior hits you but does no damage.
You hit the orc warrior. Your headbutt misses the orc warrior.
The orc warrior is heavily wounded.
Your plate armour prevents you from hitting the orc warrior.
You headbutt the orc warrior.
The orc warrior is severely wounded.
The orc warrior hits you with a trident!
You die...

##...................#...##
.#..............(#########
.#..............##
.....[.......[..#
##......###.....########
...##...........#......#
.##...#.#..#....#......#
.##.#.#.#.####..#......#
.>..#.#.#.# #.[@......#
..........# #.##o.....#
......##..# #.# .....(#
......# ... ......#
....#.......... ......#
......###...... ......#
##..#.# ..... #######
##....# ..#... ...#.#


You could see an orc warrior.

Vanquished Creatures
  A deep elf mage (D:5)
  A hungry ghost (D:5)
  An orc warrior (D:6)
  An ice beast (D:5)
  3 phantoms (D:4)
  A giant frog (D:6)
  A water moccasin zombie (D:6)
  A water moccasin skeleton (D:5)
  A scorpion (D:5)
  A crimson imp (D:6)
  5 orc wizards
  A quasit (D:5)
  3 orc priests
  A centaur skeleton (D:6)
  A hound (D:4)
  2 giant frog skeletons
  An iguana (D:5)
  4 worker ants
  4 gnolls (D:3)
  2 adders
  2 oozes (D:2)
  An adder zombie (D:6)
  An adder skeleton (D:6)
  3 worms
  9 giant geckos
  16 orcs
  10 bats
  4 giant cockroaches
  11 goblins
  8 hobgoblins
  12 kobolds
  5 quokkas
  7 giant newts
  23 jackals
  10 rats
  A spectral orc (D:3)
159 creatures vanquished.

Notes
Turn   | Place    | Note
--------------------------------------------------------------
     0 | D:1      | luca467 the Minotaur Berserker began the quest for the Orb.
     0 | D:1      | Reached XP level 1. HP: 19/19 MP: 0/0
   225 | D:1      | Found an iron altar of Okawaru.
   236 | D:1      | Reached skill level 4 in Maces & Flails
   254 | D:1      | Reached XP level 2. HP: 15/26 MP: 1/1
   619 | D:1      | Acquired Trog's second power
   631 | D:1      | Reached skill level 5 in Maces & Flails
   784 | D:1      | Reached XP level 3. HP: 25/31 MP: 2/2
  1209 | D:2      | Found a sacrificial altar of Ru.
  1209 | D:2      | Found an ancient bone altar of Kikubaaqudgha.
  1290 | D:2      | Reached XP level 4. HP: 33/39 MP: 3/3
  1364 | D:2      | Reached skill level 6 in Maces & Flails
  1911 | D:3      | Reached XP level 5. HP: 27/45 MP: 4/4
  2039 | D:3      | Reached skill level 7 in Maces & Flails
  2302 | D:3      | Found a sacrificial altar of Ru.
  2340 | D:3      | Acquired Trog's third power
  2536 | D:3      | Found a basalt altar of Yredelemnul.
  2884 | D:4      | Noticed a phantom
  2912 | D:4      | Killed a phantom
  2912 | D:4      | Reached skill level 8 in Maces & Flails
  2912 | D:4      | Reached XP level 6. HP: 38/51 MP: 5/5
  3060 | D:4      | Noticed a phantom
  3093 | D:4      | Killed a phantom
  3093 | D:4      | Reached skill level 9 in Maces & Flails
  3314 | D:4      | Noticed a phantom
  3330 | D:4      | Killed a phantom
  3330 | D:4      | Reached XP level 7. HP: 54/57 MP: 6/6
  3446 | D:4      | Reached skill level 10 in Maces & Flails
  3737 | D:5      | Entered Level 5 of the Dungeon
  3963 | D:5      | Noticed a deep elf mage
  3972 | D:5      | Killed a deep elf mage
  4027 | D:5      | Reached skill level 11 in Maces & Flails
  4082 | D:5      | Reached XP level 8. HP: 39/64 MP: 7/7
  4264 | D:5      | Found a staircase to the Ecumenical Temple.
  4382 | D:5      | Got a pair of steaming boots
  4555 | D:5      | Reached skill level 12 in Maces & Flails
  4709 | D:6      | Identified the cursed +0 pair of boots "Niamiza" {*Corrode rElec MR+ Regen+} (You found it on level 5 of the Dungeon)
  4887 | D:6      | Slain by an orc warrior

Vault maps used:
D:1:      minmay_arrival_widening_spiral_wide, okawaru_ov_weapons_minmay
D:2:      gammafunk_temple_overflow_wave
D:3:      yredelemnul_forgotten_temple_becter, grunt_ministairs_10,
          nicolae_ru_great_annihilating_truth
D:4:      first_bread, supply_closet_lemuel
D:5:      minmay_temple_entry_poolview, st_stairs_5

Action                   |  1- 3 |  4- 6 |  7- 9 || total
-------------------------+-------+-------+-------++-------
Melee: Mace              |    83 |   148 |   197 ||   428
       Flail             |       |    26 |       ||    26
Invok: Berserk           |     1 |       |     5 ||     6
  Use: Scroll            |     3 |       |    11 ||    14
 Stab: Sleeping          |       |     1 |       ||     1
       Paralysed         |       |     1 |       ||     1
  Eat: Chunk             |     2 |     7 |     6 ||    15
       Meat ration       |       |       |     3 ||     3
       Bread ration      |       |       |     1 ||     1
       Royal jelly       |       |       |     1 ||     1
